 Dungeon Sprint DCSS version 0.19.0-11-g3fc08b3 (webtiles) character file.

251 NINUZHNO the Basher (level 6, -2/37 HPs)
             Began as a Gargoyle Fighter on Nov 8, 2016.
             Was a Follower of Uskayaw.
             Killed from afar by a gargoyle (12 damage)
             ... with a stone arrow
             ... in the Dungeon (Sprint IX: "|||||||||||||||||||||||||||||").
             The game lasted 00:01:45 (361 turns).

NINUZHNO the Basher (Gargoyle Fighter)               Turns: 361, Time: 00:01:45

Health: -2/37      AC: 16    Str: 22    XL:     6   Next: 13%
Magic:  6/6        EV:  6    Int: 11    God:    Uskayaw [*.....]
Gold:   0          SH: 11    Dex:  9    Spells: 0 memorised, 5 levels left

rFire  . . .     SeeInvis .     a - +0 flail
rCold  . . .     Gourm    .     r - +1 chain mail
rNeg   + . .     Faith    .     c - +0 shield
rPois  ∞         Spirit   .     (no helmet)
rElec  +         Reflect  .     q - +0 cloak
rCorr  .         Harm     .     (no gloves)
MR     .....     NoTele   +     p - +0 pair of boots
Stlth  ..........               (no amulet)
                                (no ring)
                                s - +3 ring of intelligence

@: no status effects
A: negative energy resistance 1, electricity resistance, unbreathing,
petrification resistance, rot immunity, AC +4
a: Stomp, Renounce Religion


You were in the Dungeon.
You worshipped Uskayaw.
Uskayaw was noncommittal.
You were not hungry.

You visited 1 branch

Inventory:

Hand Weapons
 a - a +0 flail (weapon)
Armour
 c - a +0 shield (worn)
 p - a +0 pair of boots (worn)
 q - a +0 cloak (worn)
 r - a +1 chain mail (worn)
Jewellery
 s - a +3 ring of intelligence (left hand)
 t - a +3 ring of strength
Wands
 o - a wand of acid (7/15)
Scrolls
 k - 2 scrolls of blinking
 m - 3 scrolls of remove curse
 n - 2 scrolls of amnesia
Potions
 d - a potion of might
 e - 5 potions of curing
 g - 3 potions of heal wounds
 h - a potion of haste
 i - 4 potions of magic
 j - a potion of invisibility
Comestibles
 f - a bread ration


   Skills:
 + Level 3.5 Fighting
 * Level 10.0 Maces & Flails
 + Level 3.4 Armour
 + Level 8.3 Shields
 * Level 1.2 Invocations


You had 5 spell levels left.
You didn't know any spells.

Dungeon Overview and Level Annotations

Branches:
Dungeon (1/1)

Altars:
Cheibriados
Dithmenos
Elyvilon
Fedhas
Gozag
Hepliaklqana
Kikubaaqudgha
Makhleb
Nemelex Xobeh
Okawaru
Qazlal
Ru
Sif Muna
Trog
Uskayaw
Vehumet
Xom
Yredelemnul
Zin
The Shining One
Beogh
Jiyva
Lugonu


Innate Abilities, Weirdness & Mutations

You are resistant to torment.
Your stone body is resilient. (AC +4)
You are immune to poison.
You resist negative energy. (rN+)
You are resistant to electric shocks. (rElec)
You can survive without breathing.
You are immune to petrification.
You are immune to rotting.


Message History

The gargoyle hits you with a flail of protection.
You can no longer pass through a line of other dancers.
You hit the gargoyle but do no damage.
The gargoyle is lightly damaged.
The gargoyle hits you but does no damage.
You hit the gargoyle but do no damage.
The gargoyle is lightly damaged.
The gargoyle hurls a stone arrow at you.
The stone arrow hits you!
* * * LOW HITPOINT WARNING * * *
Okay, then.
Okay, then.
You hit the gargoyle but do no damage.
The gargoyle is lightly damaged.
The gargoyle hits you but does no damage.
You hit the gargoyle but do no damage.
The gargoyle is lightly damaged.
The gargoyle hurls a stone arrow at you.
The stone arrow hits you!
You die... ▓▓▓▓▓▓▓▓▓▓▓▓▓▓▓▓▓▓▓▓▓▓▓▓ _____.'..|)....[@9rK{5.+ ▓▓▓▓▓▓▓▓▓▓▓▓▓▓▓▓▓▓▓▓▓▓▓▓

You could see a gargoyle, a big kobold, a crimson imp and a quokka.

Vanquished Creatures
  An ice beast (D)
  A centaur (D)
  A scorpion (D)
  An orc wizard (D)
  A shadow imp (D)
  A bat (D)
  A giant cockroach (D)
  2 goblins (D)
  A frilled lizard (D)
  A kobold (D)
11 creatures vanquished.

Notes
Turn   | Place    | Note
-------+----------+-------------------------------------------
     0 | D        | NINUZHNO the Gargoyle Fighter began the quest for the Orb.
     0 | D        | Reached XP level 1. HP: 14/14 MP: 1/1
    12 | D        | Reached skill level 3 in Maces & Flails
    71 | D        | Noticed a scorpion
    71 | D        | Noticed a centaur
    71 | D        | Noticed an ice beast
    80 | D        | Reached skill level 4 in Maces & Flails
    80 | D        | Reached XP level 2. HP: 7/19 MP: 2/2
    82 | D        | Killed a scorpion
    82 | D        | Reached skill level 6 in Maces & Flails
    82 | D        | Reached skill level 5 in Shields
    82 | D        | Reached XP level 3. HP: 12/23 MP: 3/3
    82 | D        | Reached XP level 4. HP: 15/28 MP: 4/4
    85 | D        | Killed a centaur
    85 | D        | Reached skill level 8 in Maces & Flails
    85 | D        | Reached XP level 5. HP: 5/32 MP: 5/5
    91 | D        | Killed an ice beast
    91 | D        | Reached skill level 9 in Maces & Flails
    91 | D        | Reached XP level 6. HP: 7/37 MP: 6/6
   105 | D        | Found a roughly hewn altar of Beogh.
   105 | D        | Found a snail-covered altar of Cheibriados.
   105 | D        | Found a shadowy altar of Dithmenos.
   105 | D        | Found a white marble altar of Elyvilon.
   105 | D        | Found a blossoming altar of Fedhas.
   105 | D        | Found an opulent altar of Gozag.
   106 | D        | Found a hazy altar of Hepliaklqana.
   107 | D        | Found a viscous altar of Jiyva.
   108 | D        | Found an ancient bone altar of Kikubaaqudgha.
   109 | D        | Found a corrupted altar of Lugonu.
   110 | D        | Found a burning altar of Makhleb.
   111 | D        | Found a sparkling altar of Nemelex Xobeh.
   112 | D        | Found an iron altar of Okawaru.
   113 | D        | Found a stormy altar of Qazlal.
   114 | D        | Found a sacrificial altar of Ru.
   115 | D        | Found a deep blue altar of Sif Muna.
   116 | D        | Found a bloodstained altar of Trog.
   117 | D        | Found a hide-covered altar of Uskayaw.
   118 | D        | Found a radiant altar of Vehumet.
   119 | D        | Found a shimmering altar of Xom.
   120 | D        | Found a basalt altar of Yredelemnul.
   121 | D        | Found a glowing silver altar of Zin.
   122 | D        | Found a glowing golden altar of the Shining One.
   125 | D        | Became a worshipper of Uskayaw the Reveler
   343 | D        | Noticed a gargoyle
   348 | D        | Reached * piety under Uskayaw
   349 | D        | Reached skill level 10 in Maces & Flails
   349 | D        | Reached skill level 1 in Invocations
   352 | D        | Reached ** piety under Uskayaw
   361 | D        | Killed from afar by a gargoyle

Skill      XL: |  1  2  3  4  5  6 |
---------------+-------------------+-----
Maces & Flails | 4 6 8 9 10 | 10.0
Shields        | 4 5 7 8 |  8.3
Invocations    | 1 |  1.2
Fighting       | |  3.5
Armour         | |  3.4

Action                   |  1- 3 |  4- 6 || total
-------------------------+-------+-------++-------
Melee: Flail             |    24 |    26 ||    50
  Use: Potion            |     1 |       ||     1
Armor: Scale mail        |     9 |     1 ||    10
       Chain mail        |       |     4 ||     4
Dodge: Dodged            |     5 |     2 ||     7
Block: Shield            |    14 |     7 ||    21
